 Dungeon Crawl Stone Soup version 0.20.1-1-g8b1a95d (webtiles) character file.

175 asishallab the Chopper (level 5, 0/41 HPs)
             Began as a Formicid Fighter on Dec 8, 2017.
             Was an Initiate of Cheibriados.
             Succumbed to teukkam's ghost's poison
             ... on level 3 of the Dungeon.
             The game lasted 00:06:05 (2144 turns).

asishallab the Chopper (Formicid Fighter)           Turns: 2144, Time: 00:06:05

Health: 0/41       AC: 11    Str: 26    XL:     5   Next: 85%
Magic:  3/6        EV:  5    Int:  9    God:    Cheibriados [......]
Gold:   103        SH: 10    Dex: 12    Spells: 4/4 levels left

rFire    . . .     SeeInvis +   a - +0 war axe
rCold    . . .     Gourm    .   c - +0 shield
rNeg     . . .     Faith    .   l - +0 plate armour
rPois    .         Spirit   .   (helmet unavailable)
rElec    .         Reflect  .   (no cloak)
rCorr    .         Harm     .   (no gloves)
MR       .....                  (no boots)
Stlth    ..........             (no amulet)
Regen    0.2/turn               (no ring)
MPRegen  0.1/turn               (no ring)

@: mighty, lethally poisoned (0 -> -35), very slow
A: permanent stasis, dig shafts and tunnels, four strong arms, antennae 3
a: Dig, Shaft Self, Bend Time, Renounce Religion


You were on level 3 of the Dungeon.
You worshipped Cheibriados.
Cheibriados was noncommittal.
You were not hungry.

You visited 1 branch of the dungeon, and saw 3 of its levels.

You collected 103 gold pieces.

Inventory:

Hand Weapons
 a - a +0 war axe (weapon)
Missiles
 k - 118 stones (quivered)
Armour
 c - a +0 shield (worn)
 l - a +0 plate armour (worn)
Scrolls
 b - a scroll of fog
 e - 2 scrolls of enchant armour
 j - a scroll of immolation
 n - a scroll of remove curse
Potions
 i - 3 potions of flight
Comestibles
 f - 3 bread rations
 g - 2 royal jellies
 h - 4 chunks of flesh


   Skills:
 - Level 3.4 Fighting
 * Level 4.9 Axes
 - Level 3.4 Armour
 - Level 3.8 Shields
 + Level 2.0 Invocations


You had 4 spell levels left.
You didn't know any spells.

Dungeon Overview and Level Annotations

Branches:
Dungeon (3/15)

Altars:
Cheibriados
Dithmenos
Nemelex Xobeh

Annotations:
D:3 teukkam's ghost, amateur MiBe


Innate Abilities, Weirdness & Mutations

You cannot be hasted, slowed, berserked, paralysed or teleported.
You can dig through walls and to a lower floor.
Your four strong arms can wield two-handed weapons with a shield.
You have a pair of large antennae on your head. (SInv)


Message History

* * * LOW HITPOINT WARNING * * *
You are more poisoned.
You fail to use your ability.
* * * LOW HITPOINT WARNING * * *
You feel very sick. The adder barely misses you.
You block teukkam's ghost's attack. The adder bites you but does no damage.
The flow of time bends around you.
Cheibriados rebukes teukkam's ghost.
Teukkam's ghost seems to slow down.
Cheibriados rebukes the adder.
The adder seems to slow down.
You feel slightly more hungry.
* * * LOW HITPOINT WARNING * * *
You feel very sick. The adder bites you.
* * * LOW HITPOINT WARNING * * *
You closely miss the adder.
The adder is heavily wounded.
You barely miss teukkam's ghost.
You die...

#.#
########..........#
#.#
##.######.####..####
#.# #...............#
#.####.#####..####.##
#......#####..####.#
######.##..........#
#.#...#>#######
#.#...#รท# #....W@.#
{ ###..S### #...#
#...# { #........# {
{ ...?.........
...............
...............
.####....o#####


You could see teukkam's ghost and an adder.

Vanquished Creatures
  An orc priest (D:3)
  Terence (D:2)
  Natasha (D:3)
  5 adders
  A worm (D:3)
  A leopard gecko (D:2)
  3 orcs (D:3)
  A giant cockroach (D:1)
  5 goblins
  6 hobgoblins
  2 jackals (D:1)
  7 kobolds
  2 quokkas (D:2)
  A ball python (D:3)
  2 bats (D:2)
  4 frilled lizards
  3 rats
46 creatures vanquished.

Notes
Turn   | Place    | Note
-------+----------+-------------------------------------------
     0 | D:1      | asishallab the Formicid Fighter began the quest for the Orb.
     0 | D:1      | Reached XP level 1. HP: 18/18 MP: 1/1
   410 | D:1      | Reached XP level 2. HP: 24/24 MP: 2/2
   626 | D:1      | Found a sparkling altar of Nemelex Xobeh.
   811 | D:1      | Reached XP level 3. HP: 29/29 MP: 3/3
  1028 | D:2      | Reached skill level 3 in Axes
  1232 | D:2      | Noticed Terence
  1254 | D:2      | Killed Terence
  1254 | D:2      | Reached skill level 4 in Axes
  1254 | D:2      | Reached XP level 4. HP: 28/35 MP: 4/4
  1600 | D:2      | Found a shadowy altar of Dithmenos.
  1606 | D:2      | Found a snail-covered altar of Cheibriados.
  1610 | D:2      | Became a worshipper of Cheibriados the Contemplative
  1969 | D:3      | Noticed Natasha
  1973 | D:3      | Killed Natasha
  1973 | D:3      | Reached skill level 1 in Invocations
  1973 | D:3      | Reached XP level 5. HP: 39/41 MP: 5/5
  2131 | D:3      | Noticed teukkam's ghost (amateur MiBe)
  2144 | D:3      | Succumbed to teukkam's ghost's poison

Skill      XL: |  1  2  3  4  5 |
---------------+----------------+-----
Axes           | 4 |  4.9
Invocations    | 1 2 |  2.0
Fighting       | |  3.4
Armour         | |  3.4
Shields        | |  3.8

Action                   |  1- 3 |  4- 6 || total
-------------------------+-------+-------++-------
Melee: War axe           |   109 |    76 ||   185
Invok: Bend Time         |       |     1 ||     1
  Use: Scroll            |     2 |     6 ||     8
       Potion            |       |     4 ||     4
  Eat: Chunk             |     1 |     1 ||     2
       Bread ration      |       |     1 ||     1
Armor: Scale mail        |     8 |       ||     8
       Plate armour      |    55 |    55 ||   110
Dodge: Dodged            |    20 |    20 ||    40
Block: Shield            |    56 |    44 ||   100
